Map: [ESL] Data-C

Players

Cure

  • Race: Terran Terran
  • League: Master
  • Spawn Location: 3:00

HeroMarine - Winner!

  • Race: Terran Terran
  • League: Master
  • Spawn Location: 9:00

Event: HomeStory Cup XXII

VOD

Have the link to the VOD?

Description

Time

  • Played on: Dec. 16, 2022, 6:20 a.m.
  • Length: 27:02

All games in this series

Show
View Real Time Build Order
Export as new Build Order

Cure Terran 

Build Orders: Reaper Expand 

Get SALT Encoding   

  12  0:01  SCV  
  13  0:13  SCV  
  14  0:17  Supply Depot  
  14  0:25  SCV  
  15  0:39  SCV  
  15  0:40  Barracks  
  16  0:43  Refinery  
  16  0:51  SCV  
  17  1:03  SCV  
  18  1:15  SCV  
  19  1:27  Reaper, Orbital Command  
  20  1:39  Command Center  
  20  1:46  Supply Depot  
  20  1:53  SCV  
  21  1:59  Marine  
  22  2:05  SCV  
  22  2:07  Factory  
  23  2:17  SCV, Marine  
  25  2:23  Bunker  
  26  2:30  SCV, Refinery  
  26  2:36  Barracks Reactor  
  26  2:42  SCV  
  27  2:52  Hellion  
  27  2:53  Orbital Command  
  27  2:55  SCV  
  27  2:57  Starport  
  30  3:02  Refinery  
  30  3:07  SCV  
  30  3:12  Marine x2  
  33  3:13  Factory Tech Lab  
  33  3:19  SCV x2  
  35  3:22  Supply Depot  
  35  3:31  SCV x2  
  35  3:33  Medivac, Marine  
  35  3:34  Marine  
  41  3:40  Cyclone  
  44  3:43  SCV  
  44  3:44  SCV  
  46  3:51  Marine x2  
  46  3:54  Supply Depot  
  48  3:56  SCV  
  48  3:57  SCV  
  50  4:05  Supply Depot, Starport Tech Lab  
  50  4:08  SCV  
  50  4:09  SCV  
  52  4:10  Marine x2  
  52  4:16  Siege Tank  
  57  4:20  SCV  
  57  4:21  SCV  
  57  4:23  Supply Depot  
  59  4:25  Raven  
  62  4:33  SCV x2  
  63  4:44  Command Center  
  63  4:47  Marine x2  
  65  4:54  Siege Tank  
  65  4:55  SCV x2  
  68  5:06  Marine x2  
  59  5:07  SCV x2  
  59  5:10  Raven  
  60  5:20  SCV x2  
  61  5:26  Siege Tank  
  62  5:32  SCV x2, Refinery  
  64  5:35  Marine x2  
  66  5:44  SCV x2  
  68  5:53  Barracks  
  68  5:54  Barracks  
  68  5:56  SCV  
  69  5:58  SCV  
  69  6:02  Viking x2  
  74  6:08  SCV, Marine  
  74  6:09  Siege Tank  
  74  6:10  SCV  
  80  6:15  Orbital Command  
  80  6:20  SCV  
  80  6:21  Engineering Bay x2  
  80  6:22  SCV  
  82  6:26  Supply Depot, Marine  
  82  6:32  SCV  
  84  6:34  Stimpack  
  84  6:35  Viking x2  
  88  6:40  SCV x2  
  88  6:44  SCV  
  91  6:49  Supply Depot  
  91  6:51  Terran Infantry Armor Level 1, Terran Infantry Weapons Level 1  
  90  6:55  Barracks Reactor  
  90  6:56  Barracks Reactor  
  90  6:57  Marine  
  90  6:58  SCV x2  
  90  6:59  SCV  
  90  7:01  Refinery  
  92  7:03  Supply Depot  
  92  7:06  Refinery  
  92  7:09  Viking  
  92  7:12  Viking  
  92  7:14  SCV  
  92  7:15  SCV  
  98  7:16  SCV  
  98  7:17  Marine  
  96  7:34  Marine x5  
  101  7:45  SCV x3  
  101  7:47  Viking x2  
  101  7:49  Barracks  
  101  7:50  Barracks  
  108  7:51  Siege Tank  
  108  7:54  Marine x2  
  108  7:55  Marine x3  
  116  8:01  Missile Turret  
  116  8:02  Missile Turret  
  115  8:05  SCV x2  
  115  8:06  SCV  
  117  8:13  Sensor Tower  
  117  8:14  Supply Depot, Combat Shield  
  117  8:15  Supply Depot, Armory  
  117  8:26  Missile Turret  
  116  8:29  Marine  
  117  8:35  Medivac x2  
  117  8:36  SCV, Siege Tank, Marine x4  
  117  8:37  SCV x2  
  131  8:42  Barracks Reactor x2  
  131  8:52  Supply Depot  
  131  8:58  Command Center  
  131  8:59  Supply Depot, SCV x2  
  133  9:14  SCV, Marine x5  
  133  9:15  Supply Depot  
  133  9:16  Supply Depot  
  139  9:17  Terran Infantry Weapons Level 2  
  139  9:18  Terran Infantry Armor Level 2  
  139  9:20  Siege Tank  
  141  9:28  Terran Vehicle Weapons Level 1  
  141  9:30  Viking x2  
  141  9:31  SCV x3  
  148  9:41  Refinery  
  148  9:42  Refinery, Sensor Tower  
  148  9:44  Factory  
  148  9:45  SCV x3  
  150  9:51  Marine x6  
  156  9:53  Barracks Reactor  
  156  9:56  Siege Tank  
  156  9:59  SCV x2  
  161  10:00  SCV  
  161  10:04  Supply Depot x2  
  162  10:09  Viking x2  
  162  10:13  SCV x3  
  169  10:16  Planetary Fortress  
  169  10:24  Marine x6  
  175  10:29  Siege Tank  
  175  10:30  Siege Tank  
  175  10:33  SCV x3  
  179  10:45  Viking  
  179  10:46  Viking  
  179  10:59  Marine x4  
  179  11:00  Marine x2  
  179  11:01  Marine x4  
  179  11:02  Siege Tank x2  
  186  11:17  Marine x6  
  155  11:19  Marine x4  
  141  11:25  Viking  
  141  11:26  Viking  
  140  11:35  Marine x6  
  140  11:37  Marine x4  
  140  11:38  Command Center, Starport x3  
  150  11:40  Siege Tank x2  
  156  11:53  Marine x6  
  160  11:54  Marine x2  
  160  11:55  Marine x2  
  161  12:05  SCV x3  
  161  12:06  Terran Infantry Weapons Level 3, SCV, Terran Infantry Armor Level 3  
  161  12:07  Terran Vehicle Weapons Level 2  
  164  12:11  Marine x6  
  164  12:12  Viking x2, Marine x2  
  164  12:14  Refinery  
  176  12:16  Medivac x2  
  176  12:18  Missile Turret  
  180  12:24  SCV x3  
  180  12:26  SCV  
  184  12:31  Siege Tank x2  
  190  12:42  Viking x2  
  193  12:46  Viking  
  193  12:50  Viking  
  197  12:51  Starport Tech Lab  
  197  13:03  Armory  
  197  13:05  Command Center  
  197  13:07  Command Center  
  197  13:10  Viking  
  199  13:19  Refinery, Starport Tech Lab  
  198  13:30  Refinery  
  198  13:32  Sensor Tower  
  197  13:35  Marine x4  
  197  13:39  Marine x4  
  189  13:41  Siege Tank x2, Planetary Fortress  
  193  13:51  Marine x2  
  193  13:53  Marine x2  
  193  13:54  Marine x2  
  172  13:55  Viking x3  
  172  13:56  Viking x2  
  172  13:57  Marine x4  
  174  14:09  Marine x2  
  166  14:10  Marine x2  
  166  14:12  Marine x2  
  166  14:13  Siege Tank  
  166  14:14  Siege Tank, Marine x4  
  176  14:18  Orbital Command  
  176  14:20  Orbital Command  
  176  14:22  SCV x2  
  176  14:23  SCV x2  
  177  14:25  Raven  
  177  14:26  Viking, Raven  
  177  14:27  Marine x2  
  177  14:28  Marine x2  
  177  14:30  Marine x2  
  187  14:31  Corvid Reactor, Starport Tech Lab  
  187  14:32  Marine x2  
  189  14:40  Marine x2  
  189  14:45  Siege Tank, Marine x2  
  190  14:46  Siege Tank, Marine x2  
  190  14:48  Marine x2  
  190  14:50  Marine x2  
  196  15:11  Marine x6  
  196  15:14  Viking x3  
  193  15:15  Raven, Marine x3  
  195  15:26  Marine  
  148  15:28  Marine x4  
  148  15:29  Marine  
  148  15:30  Orbital Command  
  124  15:41  Marine x2  
  124  15:42  Marine x2  
  114  15:44  SCV, Marine  
  114  15:45  SCV x3  
  114  15:46  Marine  
  114  15:48  SCV  
  115  15:53  Siege Tank x2  
  115  15:54  Marine x2  
  115  15:56  SCV  
  115  15:57  SCV x3  
  126  15:59  Refinery  
  126  16:00  SCV x2  
  129  16:05  Viking  
  129  16:07  Marine x2  
  129  16:08  SCV  
  134  16:12  SCV  
  134  16:13  SCV x2  
  137  16:22  Sensor Tower  
  137  16:26  Viking x2  
  137  16:29  Siege Tank  
  137  16:31  Raven  
  146  16:33  SCV  
  146  16:34  SCV  
  148  16:40  Raven  
  148  16:41  Viking  
  148  16:45  Terran Vehicle Weapons Level 3  
  151  16:47  Terran Ship Weapons Level 1  
  151  16:51  Siege Tank  
  154  16:56  Medivac  
  156  17:06  Command Center  
  156  17:10  Medivac  
  156  17:11  Siege Tank  
  156  17:12  Marine x6  
  167  17:24  Viking, Raven x2  
  167  17:26  Viking, Siege Tank  
  177  17:31  Marine x6  
  177  17:35  Marine x4  
  184  17:40  Viking  
  188  17:54  Viking  
  188  17:56  Viking  
  192  18:00  Command Center  
  192  18:03  Siege Tank  
  193  18:06  Siege Tank  
  193  18:07  Viking  
  193  18:09  Raven  
  200  18:21  Neosteel Armor  
  200  18:22  Hi-Sec Auto Tracking  
  200  18:31  Sensor Tower  
  200  18:35  Command Center  
  200  18:39  Missile Turret  
  199  18:56  Planetary Fortress  
  199  19:01  Missile Turret  
  199  19:03  Refinery  
  199  19:04  Refinery, Missile Turret  
  199  19:16  Missile Turret  
  178  19:40  Siege Tank x2, Raven x3  
  178  19:41  Viking x2  
  188  19:55  SCV x2  
  188  19:56  SCV x5  
  195  20:03  Missile Turret  
  188  20:10  Viking  
  188  20:11  Viking  
  188  20:12  Missile Turret  
  188  20:14  Missile Turret  
  189  20:17  Siege Tank x2  
  189  20:19  Terran Ship Weapons Level 2  
  189  20:20  Terran Vehicle And Ship Armor Level 1  
  195  20:23  Viking x2  
  189  20:40  Viking  
  189  20:41  Viking  
  175  20:46  Viking, Marine x8  
  175  20:47  Marine x2  
  175  20:49  Siege Tank x2  
  179  20:53  Viking  
  179  20:56  Orbital Command  
  181  21:03  Command Center  
  181  21:04  Marine x6  
  184  21:24  Siege Tank x2  
  182  21:28  Marine x8  
  182  21:29  Raven x3  
  187  21:43  Marine x2  
  187  21:46  Marine x4  
  189  21:47  Marine x2  
  186  21:57  Marine  
  186  22:00  Siege Tank  
  157  22:24  Siege Tank  
  157  22:25  Viking, Raven x3  
  157  22:27  Marine  
  165  22:33  Siege Tank  
  163  22:48  Medivac  
  163  22:50  Marine x4  
  161  22:55  Medivac  
  161  22:56  Marine  
  164  23:02  SCV x6  
  154  23:24  Raven  
  154  23:25  Raven  
  158  23:29  Medivac  
  159  23:38  SCV x2  
  159  23:39  Planetary Fortress  
  158  23:51  Raven  
  158  23:52  Viking  
  160  24:01  Siege Tank  
  160  24:02  Siege Tank  
  163  24:07  Raven  
  163  24:09  Marine x4  
  166  24:10  Marine x3  
  142  24:20  Marine x2  
  142  24:21  Marine  
  139  24:27  Marine x4  
  139  24:30  Viking x2  
  141  24:44  Marine x5  
  138  24:46  Siege Tank  
  141  24:53  Viking  
  141  24:55  Marine  
  141  24:59  Planetary Fortress  
  140  25:12  Marine x6  
  140  25:13  Marine  
  147  25:17  Siege Tank  
  147  25:18  Marine  
  149  25:25  Marine x2  
  149  25:30  Marine x3  
  137  25:38  Marine x5  
  137  25:40  Medivac  
  144  25:43  Marine  
  126  25:57  Siege Tank x2  
  131  26:13  Marine x2  
  131  26:14  Marine x8  
  131  26:17  Refinery  
  132  26:31  Marine x5  
  132  26:32  Marine x3  
Show
View Real Time Build Order
Export as new Build Order

HeroMarine Terran - Winner!

Build Orders: Gas First Reaper Expand, Hellion Opening 

Get SALT Encoding   

  12  0:00  SCV  
  13  0:12  SCV  
  14  0:17  Supply Depot  
  14  0:24  SCV  
  14  0:27  Refinery  
  15  0:38  SCV  
  16  0:44  Barracks  
  16  0:51  SCV  
  17  1:03  SCV  
  18  1:15  SCV  
  19  1:31  Reaper, Orbital Command  
  20  1:42  Command Center  
  20  1:52  Factory  
  20  1:56  SCV  
  21  2:05  Barracks Reactor, Refinery  
  21  2:09  SCV  
  21  2:14  Supply Depot  
  22  2:21  SCV  
  23  2:35  SCV  
  24  2:37  Starport  
  28  2:44  Hellion x2  
  28  2:47  SCV  
  28  2:49  Barracks Tech Lab  
  29  3:00  SCV  
  34  3:05  Hellion  
  34  3:06  Hellion  
  34  3:12  SCV, Orbital Command  
  35  3:19  Raven  
  37  3:24  SCV  
  40  3:27  Hellion  
  40  3:29  Hellion  
  42  3:35  Refinery  
  42  3:40  Supply Depot  
  42  3:41  SCV  
  42  3:42  SCV  
  44  3:54  SCV x2  
  46  3:57  Factory Tech Lab  
  46  4:01  Marine x2  
  46  4:02  Raven  
  50  4:03  Supply Depot  
  50  4:06  SCV x2  
  52  4:18  SCV x2  
  52  4:22  Supply Depot  
  54  4:24  Cyclone, Marine x2  
  54  4:30  SCV x2  
  61  4:42  Marine  
  61  4:43  SCV, Marine  
  61  4:44  SCV  
  61  4:45  Raven  
  63  4:56  SCV x2  
  62  5:01  Marine x2  
  64  5:08  SCV x2  
  64  5:20  SCV x2  
  64  5:21  Command Center  
  67  5:26  Siege Tank  
  68  5:30  Refinery  
  68  5:32  SCV x2  
  70  5:37  Viking x2  
  74  5:44  SCV x2  
  74  5:48  Marine  
  77  5:53  Supply Depot  
  77  5:56  SCV x2  
  79  5:58  Siege Tank  
  82  6:07  Viking x2  
  86  6:14  Stimpack  
  86  6:15  SCV x2, Marine  
  89  6:27  SCV x2  
  89  6:30  Siege Tank  
  94  6:39  Barracks, SCV x2  
  96  6:40  Barracks  
  94  6:51  SCV x2  
  96  6:54  Viking x2  
  96  6:58  Orbital Command  
  100  7:03  SCV x2, Siege Tank  
  100  7:04  Marine  
  106  7:08  Engineering Bay  
  106  7:09  Supply Depot  
  106  7:12  Engineering Bay  
  106  7:15  SCV x2  
  106  7:22  Marine  
  109  7:28  SCV x2  
  109  7:30  SCV  
  109  7:32  Viking x2  
  113  7:40  SCV x2  
  113  7:41  Barracks Reactor  
  113  7:42  Barracks Reactor  
  113  7:43  SCV, Terran Infantry Armor Level 1, Terran Infantry Weapons Level 1  
  106  7:44  Marine  
  106  7:47  Siege Tank  
  110  7:51  Supply Depot  
  110  7:52  SCV x2  
  110  7:55  SCV  
  113  8:02  Marine  
  113  8:03  Refinery x2  
  113  8:04  SCV x2  
  116  8:05  Sensor Tower  
  116  8:11  SCV  
  117  8:12  Barracks  
  117  8:13  Barracks  
  117  8:16  SCV x2  
  117  8:17  Marine x3  
  117  8:18  Combat Shield  
  117  8:19  Marine  
  123  8:20  Marine  
  123  8:31  Supply Depot x2  
  124  8:34  Siege Tank  
  124  8:40  Command Center  
  125  8:45  Armory  
  125  8:48  Supply Depot  
  125  8:52  SCV x3, Marine x2  
  125  8:53  Medivac x2, Marine x2  
  125  8:55  Marine  
  137  8:57  Supply Depot  
  137  9:00  Supply Depot x2, Barracks Reactor x2  
  137  9:10  Marine x3  
  137  9:11  Marine  
  137  9:12  Supply Depot  
  137  9:14  Siege Tank  
  137  9:16  Marine  
  145  9:19  Supply Depot  
  145  9:21  SCV x3  
  145  9:23  Viking x2  
  149  9:27  Marine  
  149  9:28  Marine  
  149  9:35  Marine x2  
  149  9:37  Marine x2  
  149  9:38  Marine x2  
  156  9:45  Terran Infantry Armor Level 2, Terran Infantry Weapons Level 2, Marine  
  155  9:46  SCV, Factory, Marine  
  155  9:47  SCV  
  155  9:48  SCV  
  155  9:52  Barracks Reactor, Marine  
  157  9:53  Marine  
  157  9:54  Marine  
  157  9:55  Marine  
  157  9:57  Viking x2, Refinery  
  157  9:58  Refinery  
  165  10:00  Siege Tank  
  165  10:03  Terran Vehicle Weapons Level 1  
  165  10:04  SCV x2  
  165  10:06  Marine x2  
  172  10:07  Marine x2  
  172  10:11  Planetary Fortress  
  174  10:14  Marine x2  
  176  10:22  Marine x2  
  176  10:24  Sensor Tower, Marine x2  
  176  10:25  Marine x2  
  182  10:29  Medivac x2  
  182  10:32  Marine  
  187  10:37  Siege Tank  
  187  10:42  Marine x2  
  192  10:46  Marine x2  
  192  10:47  Marine x2  
  192  10:48  Marine  
  192  10:49  Marine  
  198  10:50  Command Center  
  198  10:51  Command Center  
  177  11:11  Marine x3  
  177  11:12  Siege Tank, Marine x3  
  177  11:13  Marine x4  
  177  11:16  Siege Tank  
  153  11:25  Viking  
  153  11:26  Viking  
  153  11:29  Marine x3  
  153  11:30  Marine x4  
  153  11:31  Starport, Marine x3  
  153  11:32  Starport  
  167  11:44  Siege Tank  
  167  11:47  Marine x3  
  170  11:48  Siege Tank, Marine x3  
  170  11:49  Marine x3  
  175  11:55  Viking  
  175  11:56  Viking  
  175  11:57  Marine  
  172  12:03  Orbital Command  
  172  12:04  Marine  
  172  12:05  Marine x2  
  172  12:06  Marine x3  
  172  12:07  Marine x2  
  172  12:08  Marine  
  178  12:09  Starport Tech Lab x2  
  176  12:15  Marine  
  176  12:16  Siege Tank  
  176  12:20  Terran Infantry Weapons Level 3, Siege Tank  
  176  12:22  Marine x2  
  183  12:23  Refinery  
  183  12:25  Refinery, Medivac x2  
  183  12:27  Terran Infantry Armor Level 3  
  188  12:30  Medivac x2  
  188  12:32  Corvid Reactor  
  188  12:36  Planetary Fortress  
  192  12:48  Siege Tank  
  195  12:52  Siege Tank  
  195  12:55  Viking  
  200  13:00  Command Center  
  197  13:09  Raven  
  199  13:18  Marine x4  
  199  13:23  Terran Vehicle Weapons Level 2  
  199  13:30  Marine  
  199  13:31  Marine  
  198  13:35  Marine x2  
  198  13:39  Marine x3  
  198  13:40  Marine x2  
  192  13:43  Viking x3  
  197  13:51  Marine x3  
  197  13:52  Viking, Marine  
  197  13:53  Marine  
  197  13:55  SCV x2  
  176  13:56  SCV x3  
  172  14:07  SCV  
  172  14:08  Siege Tank  
  172  14:09  Siege Tank, Marine x2  
  174  14:10  Marine x2  
  174  14:13  Viking x2, Raven  
  174  14:16  Marine x3  
  174  14:17  Marine  
  176  14:22  Raven  
  176  14:23  Marine x2  
  176  14:27  Marine x3  
  179  14:34  Marine x2  
  179  14:36  Marine x2  
  183  14:39  Marine  
  183  14:41  Siege Tank  
  183  14:43  Viking x2  
  191  14:47  Marine  
  191  14:48  Marine x3  
  191  14:52  Siege Tank  
  197  14:53  Marine  
  198  15:02  Marine  
  198  15:05  Raven, Marine  
  182  15:09  Marine  
  182  15:11  Marine  
  182  15:12  Marine  
  182  15:13  Siege Tank  
  175  15:20  Marine  
  171  15:24  Siege Tank  
  140  15:29  Marine  
  140  15:30  Marine  
  140  15:31  Marine x2  
  140  15:34  Reaper  
  123  15:36  Viking x2  
  123  15:39  Orbital Command  
  123  15:40  Starport, Orbital Command  
  123  15:41  Factory  
  121  15:45  Siege Tank  
  121  15:47  Marine x2  
  121  15:49  SCV x2, Marine  
  127  15:51  SCV x2  
  127  15:53  Starport Tech Lab  
  129  16:01  SCV x2  
  129  16:03  SCV x2  
  129  16:04  Siege Tank  
  133  16:10  SCV  
  135  16:13  SCV x2  
  135  16:16  SCV x2  
  135  16:18  Sensor Tower  
  139  16:22  Starport Tech Lab  
  139  16:23  Raven  
  140  16:27  SCV x2  
  140  16:30  Sensor Tower  
  140  16:31  Factory Tech Lab  
  143  16:34  Siege Tank  
  143  16:38  Siege Tank  
  148  16:40  Viking  
  148  16:43  Viking  
  152  16:48  Marine x2  
  152  16:54  Siege Tank, Marine  
  156  16:55  Marine  
  156  16:57  Marine  
  161  17:03  Refinery  
  161  17:06  Siege Tank, Marine  
  167  17:10  Viking  
  167  17:13  Viking, Hi-Sec Auto Tracking  
  167  17:17  Neosteel Armor  
  167  17:19  Raven x2  
  167  17:20  Siege Tank  
  172  17:26  Siege Tank  
  174  17:38  Missile Turret  
  174  17:40  Siege Tank  
  177  17:46  Viking x2, Missile Turret  
  185  17:58  Siege Tank  
  185  18:02  Raven x2  
  185  18:03  Starport  
  188  18:12  Command Center  
  188  18:16  Viking x2  
  192  18:20  Barracks Reactor  
  192  18:24  Barracks Reactor  
  192  18:28  Missile Turret x2  
  192  18:37  Terran Vehicle And Ship Armor Level 1  
  192  18:44  Raven x2  
  196  18:50  Missile Turret  
  196  18:52  Missile Turret  
  196  18:54  Missile Turret  
  191  19:11  Viking x2  
  191  19:14  Missile Turret  
  191  19:15  Command Center  
  195  19:18  Missile Turret  
  195  19:24  Command Center  
  195  19:26  Marine x3  
  195  19:27  Raven x2  
  200  19:36  Marine  
  188  19:39  Viking x2  
  188  19:41  Marine x2  
  189  19:46  Viking x2  
  190  20:00  Marine  
  190  20:06  Siege Tank x2  
  197  20:10  Raven  
  192  20:31  Terran Ship Weapons Level 1  
  181  20:37  Marine  
  181  20:38  Marine  
  181  20:42  Viking x3  
  171  20:43  Viking  
  171  20:47  Siege Tank  
  170  20:52  Marine x2  
  170  20:55  Orbital Command  
  170  20:56  Viking x2  
  176  20:57  Siege Tank x2, Marine  
  176  20:58  Marine x2  
  176  21:01  Marine  
  186  21:05  Refinery  
  186  21:06  Orbital Command  
  186  21:10  Marine x2  
  188  21:12  Viking  
  188  21:15  Marine x2  
  182  21:22  Viking x2  
  182  21:23  Viking  
  179  21:26  Raven x2  
  179  21:27  Marine  
  179  21:28  Marine  
  179  21:29  Marine x2  
  171  21:33  Marine  
  171  21:34  Marine  
  171  21:38  Siege Tank x2  
  174  21:45  Marine x2  
  173  21:47  Marine  
  173  21:53  Marine x2  
  168  21:54  Marine  
  168  21:55  Siege Tank  
  168  21:56  Viking x3  
  174  22:03  Marine x2  
  176  22:10  Siege Tank  
  176  22:11  Siege Tank  
  179  22:26  Marine  
  179  22:27  Siege Tank, Marine  
  179  22:29  Orbital Command  
  181  22:33  Marine x3  
  181  22:35  Marine  
  182  22:42  Viking x3  
  182  22:44  Marine  
  182  22:49  Siege Tank  
  186  23:06  SCV  
  186  23:07  SCV  
  185  23:13  Refinery, Sensor Tower  
  185  23:14  Raven x2  
  189  23:22  Viking  
  189  23:24  Refinery  
  191  23:32  Viking  
  193  23:34  Viking  
  198  23:42  Viking  
  197  23:54  Medivac  
  179  24:17  Viking x2  
  179  24:19  Viking x2  
  187  24:24  Siege Tank  
  187  24:29  Marine x2  
  185  24:35  Marine x2  
  187  24:40  Marine  
  187  24:41  Marine  
  187  24:45  Viking x2  
  191  24:46  Marine  
  191  24:47  Marine  
  191  24:50  Siege Tank  
  198  25:10  Command Center  
  198  25:14  Siege Tank x2, Marine  
  200  25:26  Marine  
  186  25:31  SCV  
  186  25:32  SCV x3  
  186  25:33  SCV x2  
  186  25:35  SCV x2  
  180  25:40  Raven x2  
  175  25:43  SCV  
  175  25:44  SCV x2  
  178  25:57  Viking  
  174  26:20  Marine x3  
  184  26:33  Marine  
  184  26:34  Marine  
Tags
 
Add a new tag
Caveats
  • Supply blocks, unpowered buildings, or Contaminate may cause inaccurate times.
  • Supply counts are checked every 10 seconds.